 Dungeon Crawl Stone Soup version 0.28.0-1-gb440e238dd (webtiles) character file.

Game seed: 1015321596012122558

212 Ablot the Grasshopper (level 5, -3/43 HPs)
             Began as a Gnoll Warper on Feb 24, 2022.
             Slain by Duvessa (12 damage)
             ... on level 4 of the Dungeon on Feb 25, 2022.
             The game lasted 00:05:12 (4506 turns).

Ablot the Grasshopper (Gnoll Warper)                Turns: 4506, Time: 00:05:13

Health: -3/43      AC:  3    Str: 12    XL:     5   Next: 89%
Magic:  8/12       EV: 13    Int: 12    God:
Gold:   122        SH:  0    Dex: 12    Spells: 11/14 levels left

rFire   + . .      SeeInvis .   a - +0 spear
rCold   . . .      Faith    .   (no shield)
rNeg    . . .      Spirit   .   t - +0 leather armour {rPois}
rPois   +          Reflect  .   (no helmet)
rElec   .          Harm     .   (no cloak)
rCorr   .          Rampage  .   (no gloves)
Will    .....                   (no boots)
Stlth   ++........              (no amulet)
HPRegen 0.14/turn               h - ring of protection from fire
MPRegen 0.13/turn               (no ring)

@: no status effects
A: fangs 1, strong nose, distributed training
a: no special abilities


You were on level 4 of the Dungeon.
You visited 1 branch of the dungeon, and saw 5 of its levels.

You collected 122 gold pieces.

Inventory:

Hand Weapons
 a - a +0 spear (weapon)
 j - a +2 dagger of holy wrath
Missiles
 d - 5 boomerangs of dispersal (quivered)
 e - 39 stones
 o - 3 boomerangs
 p - 13 arrows
 q - 9 sling bullets
Armour
 t - a +0 leather armour of poison resistance (worn)
Jewellery
 h - a ring of protection from fire (left hand)
 m - a ring of fire
Scrolls
 c - 2 scrolls of blinking
 f - 2 scrolls of identify {unknown}
 g - 2 scrolls of enchant armour {unknown}
 k - 2 scrolls of teleportation {unknown}
 n - a scroll of noise {unknown}
 r - a scroll of vulnerability {unknown}
Potions
 b - a potion of heal wounds {unknown}
 i - 3 potions of curing {unknown}
 l - a potion of haste {unknown}
 s - a potion of flight {unknown}


   Skills:
 + Level 4.8 Fighting
 + Level 1.6 Short Blades
 + Level 1.6 Long Blades
 + Level 1.6 Axes
 + Level 1.6 Maces & Flails
 + Level 4.8 Polearms
 + Level 1.6 Staves
 + Level 1.6 Slings
 + Level 1.6 Bows
 + Level 1.6 Crossbows
 + Level 3.1 Throwing
 + Level 3.1 Armour
 + Level 4.8 Dodging
 + Level 1.6 Stealth
 + Level 1.6 Shields
 + Level 1.6 Unarmed Combat
 + Level 5.2 Spellcasting
 + Level 1.3 Conjurations
 + Level 1.3 Hexes
 + Level 1.3 Summonings
 + Level 1.3 Necromancy
 + Level 5.6 Translocations
 + Level 1.3 Transmutations
 + Level 1.3 Fire Magic
 + Level 1.3 Ice Magic
 + Level 1.3 Air Magic
 + Level 1.3 Earth Magic
 + Level 1.3 Poison Magic
 + Level 1.9 Invocations
 + Level 1.6 Evocations


You had 11 spell levels left.
You knew the following spells:

 Your Spells              Type           Power      Damage    Failure   Level
a - Blink                 Tloc           32%        N/A       3%          2
b - Sting                 Tmut/Pois      24%        1d4       14%         1

Your spell library contained the following spells:

 Spells                   Type           Power      Damage    Failure   Level
 Gell's Gravitas          Tloc           16%        N/A       8%          3
 Lesser Beckoning         Tloc           16%        N/A       8%          3
 Teleport Other           Tloc           16%        N/A       8%          3
 Poisonous Vapours        Pois/Air       12%        N/A       22%         2
 Ignite Poison            Fire/Tmut/Pois 6%         N/A       41%         3
 Mephitic Cloud           Conj/Pois/Air  6%         N/A       41%         3
 Manifold Assault         Tloc           16%        N/A       56%         5
 Olgreb's Toxic Radiance  Pois           6%         N/A       82%         4
 Freezing Cloud           Conj/Ice/Air   3%         6-21      99%         5


Dungeon Overview and Level Annotations

Branches:
Dungeon (5/15)
 Temple: D:4-7

Altars:
Qazlal
Yredelemnul
The Shining One

Annotations:
D:4 Dowan, Duvessa


Innate Abilities, Weirdness & Mutations

You have very sharp teeth.
Your uncanny sense of smell can sniff out nearby items.
Your experience applies equally to all skills.


Message History

Duvessa barely misses you.
There is a stone staircase leading up, spattered with blood here.
Unknown command.
Casting: Sting (safe; 14% risk of failure)
Confirm with . or Enter, or press ? or * to list all spells.
Aiming: Sting (safe; 14% risk of failure)
Press: ? - help, Shift-Dir - straight line, f - Duvessa
Aim: Duvessa, wielding a +0 rapier and wearing a +0 ring mail (77% to hit)
The sting hits Duvessa.
Duvessa is poisoned.
Duvessa is lightly wounded.
Duvessa says, "Practise, practise, practise!
One day you'll be as good as me." Duvessa hits you with a +0 rapier!
Casting: Sting (safe; 14% risk of failure)
Confirm with . or Enter, or press ? or * to list all spells.
Aiming: Sting (safe; 14% risk of failure)
Press: ? - help, Shift-Dir - straight line, f/p - Duvessa
Aim: Duvessa, wielding a +0 rapier and wearing a +0 ring mail (lightly wounded, poisoned, 77% to hit)
The sting hits Duvessa.
Duvessa looks even sicker.
Duvessa is moderately wounded.
Duvessa hits you with a +0 rapier!
Casting: Sting (safe; 14% risk of failure)
Confirm with . or Enter, or press ? or * to list all spells.
Aiming: Sting (safe; 14% risk of failure)
Press: ? - help, Shift-Dir - straight line, f/p - Duvessa
Aim: Duvessa, wielding a +0 rapier and wearing a +0 ring mail (moderately wounded, very poisoned, 77% to hit)
The sting hits Duvessa but does no damage.
Duvessa looks even sicker.
Duvessa is moderately wounded.
Duvessa hits you with a +0 rapier!
* * * LOW HITPOINT WARNING * * *
Casting: Sting (safe; 14% risk of failure)
Confirm with . or Enter, or press ? or * to list all spells.
Aiming: Sting (safe; 14% risk of failure)
Press: ? - help, Shift-Dir - straight line, f/p - Duvessa
Aim: Duvessa, wielding a +0 rapier and wearing a +0 ring mail (moderately wounded, very poisoned, 77% to hit)
The sting hits Duvessa.
Duvessa looks as sick as possible!
Duvessa is moderately wounded.
Duvessa says, "Where magic fails, the sword succeeds!"
Duvessa hits you with a +0 rapier!
You die...

## #.##.# .# #.##.# #.
.#######. #.##.# ..
.........##.##.# .#
##########...#.# .# #
##..>...# .#
#######.......##.##
#..........†..#.e.###..
#.#####......).@.......
#.# ##.....##...####.
##.## ##...####.## .#
#...## ##### ... .#
.#.#.###### #### .#
...>......# .#
.#.#.####.# .# #...##
.# ##.# ∆ ...#.###.#


You could see Duvessa (extremely poisoned).

Vanquished Creatures
  A scorpion (D:4)
  Jessica (D:2)
  A howler monkey zombie (D:5)
  4 adders
  An adder skeleton (D:4)
  A worm (D:4)
  A dart slug (D:3)
  3 endoplasms
  3 giant cockroaches
  4 goblins
  6 hobgoblins
  9 jackals
  3 quokkas
  12 ball pythons
  5 bats
  A frilled lizard (D:3)
  6 kobolds
  7 rats
69 creatures vanquished.

Notes
Turn   | Place    | Note
-------+----------+-------------------------------------------
     0 | D:1      | Ablot the Gnoll Warper began the quest for the Orb.
     0 | D:1      | Reached XP level 1. HP: 20/20 MP: 6/6
   118 | D:1      | Reached XP level 2. HP: 26/26 MP: 7/7
   126 | D:1      | Learned a level 2 spell: Blink
   477 | D:1      | Found a faded altar of an unknown god.
   903 | D:2      | Noticed Jessica
   906 | D:2      | Killed Jessica
   907 | D:2      | Reached skill level 5 in Spellcasting
   907 | D:2      | Reached skill level 1 in Invocations
   907 | D:2      | Reached XP level 3. HP: 21/31 MP: 7/9
  1055 | D:2      | Reached skill level 1 in Short Blades
  1055 | D:2      | Reached skill level 1 in Long Blades
  1055 | D:2      | Reached skill level 1 in Axes
  1055 | D:2      | Reached skill level 1 in Maces & Flails
  1055 | D:2      | Reached skill level 1 in Staves
  1055 | D:2      | Reached skill level 1 in Slings
  1055 | D:2      | Reached skill level 1 in Bows
  1055 | D:2      | Reached skill level 1 in Crossbows
  1055 | D:2      | Reached skill level 1 in Stealth
  1055 | D:2      | Reached skill level 1 in Shields
  1055 | D:2      | Reached skill level 1 in Unarmed Combat
  1055 | D:2      | Reached skill level 1 in Evocations
  1181 | D:2      | Reached XP level 4. HP: 8/38 MP: 11/11
  1948 | D:2      | Reached skill level 1 in Conjurations
  1948 | D:2      | Reached skill level 1 in Hexes
  1948 | D:2      | Reached skill level 1 in Summonings
  1948 | D:2      | Reached skill level 1 in Necromancy
  1948 | D:2      | Reached skill level 1 in Transmutations
  1948 | D:2      | Reached skill level 1 in Fire Magic
  1948 | D:2      | Reached skill level 1 in Ice Magic
  1948 | D:2      | Reached skill level 1 in Air Magic
  1948 | D:2      | Reached skill level 1 in Earth Magic
  1948 | D:2      | Reached skill level 1 in Poison Magic
  2820 | D:3      | Learned a level 1 spell: Sting
  2987 | D:3      | Found a basalt altar of Yredelemnul.
  2988 | D:3      | Found a stormy altar of Qazlal.
  3040 | D:3      | Reached XP level 5. HP: 36/43 MP: 12/12
  3908 | D:4      | Found a glowing golden altar of the Shining One.
  3972 | D:4      | Noticed Duvessa
  3972 | D:4      | Noticed Dowan
  4023 | D:5      | Entered Level 5 of the Dungeon
  4506 | D:4      | Slain by Duvessa

Illustrated notes

Levels and vault maps discovered:
D:1:      lightli_arrival_maybe_door_vault, layout_loops_ring,
          shapermc_ecumenical_altar_notcrosses
D:2:      layout_basic, grunt_ministairs_12, uniq_jessica
D:3:      layout_basic, nicolae_overflow_squiral
D:4:      layout_loops_ring, tso_metal_star, uniq_duvessa
D:5:      layout_basic, elyvilon_altar_4, minitemple

Skill      XL: |  1  2  3  4  5 |
---------------+----------------+-----
Spellcasting   | 5 |  5.2
Invocations    | 1 |  1.9
Short Blades   | 1 |  1.6
Long Blades    | 1 |  1.6
Axes           | 1 |  1.6
Maces & Flails | 1 |  1.6
Staves         | 1 |  1.6
Slings         | 1 |  1.6
Bows           | 1 |  1.6
Crossbows      | 1 |  1.6
Stealth        | 1 |  1.6
Shields        | 1 |  1.6
Unarmed Combat | 1 |  1.6
Evocations     | 1 |  1.6
Conjurations   | 1 |  1.3
Hexes          | 1 |  1.3
Summonings     | 1 |  1.3
Necromancy     | 1 |  1.3
Transmutations | 1 |  1.3
Fire Magic     | 1 |  1.3
Ice Magic      | 1 |  1.3
Air Magic      | 1 |  1.3
Earth Magic    | 1 |  1.3
Poison Magic   | 1 |  1.3
Throwing       | 3 |  3.1
Armour         | 3 |  3.1
Fighting       | |  4.8
Polearms       | |  4.8
Dodging        | |  4.8
Translocations | |  5.6

Action                   |  1- 3 |  4- 6 || total
-------------------------+-------+-------++-------
Melee: Spear             |   109 |   183 ||   292
       Bite              |     7 |    17 ||    24
       Punch             |       |     1 ||     1
 Cast: Sting             |       |    12 ||    12
 Stab: Sleeping          |     5 |     3 ||     8
Armor: Leather armour    |    14 |     4 ||    18
       Robe              |    12 |    33 ||    45
Dodge: Dodged            |    52 |    93 ||   145
